 Dungeon Crawl Stone Soup version 0.31.0 (webtiles) character file.

Game seed: 14978122582317185387

33 qw the Shooter (level 3, -7/22 HPs)
             Began as a Gargoyle Hunter on Jan 19, 2024.
             Mangled by an ogre
             ... wielding a +0 giant club
              (18 damage)
             ... on level 2 of the Dungeon.
             The game lasted 00:00:03 (854 turns).

qw the Shooter (Gargoyle Hunter)                     Turns: 854, Time: 00:00:03

Health: -7/22      AC:  6    Str: 14    XL:     3   Next: 29%
Magic:  3/3        EV: 11    Int:  9    God:
Gold:   86         SH:  0    Dex: 15    Spells: 2/2 levels left

rFire   . . .        a - +0 shortbow
rCold   . . .        (shield currently unavailable)
rNeg    + . .        c - +0 leather armour
rPois   inf          (no helmet)
rElec   +            (no cloak)
rCorr   .            (no gloves)
SInv    .            (no boots)
Will    .....        (no amulet)
Stlth   ++           (no ring)
HPRegen 0.23/turn    (no ring)
MPRegen 0.08/turn

%: no passive effects
@: no status effects
A: sickness immunity, AC +3, negative energy resistance 1, electricity
resistance, torment resistance 1, petrification resistance
a: no special abilities


You were on level 2 of the Dungeon.
You visited 1 branch of the dungeon, and saw 2 of its levels.

You collected 86 gold pieces.


Innate Abilities, Weirdness & Mutations

You are immune to sickness and miasma.
Your stone body is resilient. (AC +3)
You are immune to poison.
You resist negative energy. (rN+)
You are resistant to electric shocks. (rElec)
You are resistant to unholy torment.
You are immune to petrification.


   Skills:
 + Level 2.4 Fighting
 - Level 5.0 Ranged Weapons
 - Level 1.5 Dodging
 - Level 1.1 Stealth


You had 2 spell levels left.
You didn't know any spells.
Your spell library was empty.

Inventory:

Hand Weapons
 a - a +0 shortbow (weapon)
Armour
 c - a +0 leather armour (worn)
 d - a +0 cloak
Potions
 b - a potion of invisibility {unknown}

Dungeon Overview and Level Annotations

Branches:
Dungeon (2/15)

Altars:


Message History

You see here a +0 dagger.
Found a dagger.
d - a +0 cloak You open the door.
There is an open door here.
You open the large door. You open the door.
There is an open door here.
A rat comes into view.
There is an open door here.
You shoot an arrow. The arrow hits the rat.
The rat is heavily wounded.
You shoot an arrow. The arrow barely misses the rat.
You shoot an arrow.
The arrow hits the rat but does no damage.
The rat is heavily wounded.
You shoot an arrow. The arrow hits the rat.
You kill the rat!
An ogre comes into view. It is wielding a +0 giant club.
The ogre shouts!
You hear an angry hiss.
A ball python comes into view.
You shoot an arrow. The arrow hits the ogre.
The ogre is lightly wounded.
You shoot an arrow. The arrow barely misses the ogre.
You shoot an arrow. The arrow completely misses the ogre.
The arrow hits the ball python.
You kill the ball python!
You shoot an arrow. The arrow barely misses the ogre.
You shoot an arrow. The arrow hits the ogre.
The ogre is lightly wounded.
The ogre misses you.
You shoot an arrow. The arrow hits the ogre.
The ogre is lightly wounded.
The ogre hits you with a +0 giant club!
Ouch! That really hurt!
You shoot an arrow. The arrow hits the ogre.
The ogre is heavily wounded.
The ogre hits you with a +0 giant club!!
Ouch! That really hurt!
You die...

..... ... .....
.....# ......
.....' ......
.%...#
......#+##.....#
...............#
........O......
#.@..%#
###'##########
#........##..
#........##.#
#........##.#
#........##.#
#.........).##
#........%.).#
#........###.##


You could see an ogre.

Vanquished Creatures
  A dart slug (D:1)
  2 ball pythons (D:2)
  2 endoplasms
  3 giant cockroaches (D:1)
  A hobgoblin (D:1)
  3 jackals (D:2)
  2 bats (D:1)
  3 frilled lizards (D:1)
  2 goblins (D:2)
  7 kobolds
  3 rats
29 creatures vanquished.

Notes
Turn   | Place    | Note
-------+----------+-------------------------------------------
     0 | D:1      | qw the Gargoyle Hunter began the quest for the Orb.
     0 | D:1      | Reached XP level 1. HP: 12/12 MP: 1/1
     0 | D:1      | 0 ||| qw: Version: 0.3-a-132-g3d54051
     0 | D:1      | 0 ||| qw: Game counter: 414
     0 | D:1      | 0 ||| qw: Melee chars always use a shield: true
     0 | D:1      | 0 ||| qw: God list: Okawaru
     0 | D:1      | 0 ||| qw: Allow faded altars: false
     0 | D:1      | 0 ||| qw: Do Orc after clearing Dungeon:15 true
     0 | D:1      | 0 ||| qw: Do second Lair branch before Depths: true
     0 | D:1      | 0 ||| qw: Lair rune preference: random
     0 | D:1      | 0 ||| qw: Goals: Normal
     0 | D:1      | 0 ||| PLANNING D:1-11
   124 | D:1      | Reached XP level 2. HP: 17/17 MP: 2/2
   440 | D:1      | 440 ||| READING scroll labelled OTSUKO PUECEC.
   440 | D:1      | 440 ||| ENCHANTING +0 shortbow.
   441 | D:1      | 441 ||| READING scroll labelled VIDASI MIETEWE.
   445 | D:1      | 445 ||| READING 2 scrolls labelled FAHEX TUNENN.
   445 | D:1      | 445 ||| IDENTIFYING scroll labelled XEIMIR DIPPAS
   446 | D:1      | 446 ||| READING scroll of identify.
   446 | D:1      | 446 ||| IDENTIFYING scroll labelled VUUNIR GUNYPTIANOK
   447 | D:1      | 447 ||| DROPPING scroll of butterflies.
   448 | D:1      | 448 ||| DROPPING scroll of torment.
   449 | D:1      | 449 ||| DROPPING scroll of amnesia.
   555 | D:2      | Found a faded altar of an unknown god.
   621 | D:2      | Reached XP level 3. HP: 19/21 MP: 3/3
   627 | D:2      | Reached skill level 5 in Ranged Weapons
   627 | D:2      | 627 ||| FLEEEEING.
   847 | D:2      | Noticed an ogre
   854 | D:2      | Mangled by an ogre

Levels and vault maps discovered:
D:1:      dpeg_arrival_arbitrary_a, layout_rooms
D:2:      layout_basic, hellmonk_ecumenical_altar_run_dry, minmay_box_of_dots,
          uniq_natasha

Skill      XL: |  1  2  3 |
---------------+----------+-----
Ranged Weapons | 5 |  5.0
Fighting       | |  2.4
Dodging        | |  1.5
Stealth        | |  1.1

Action                     || total
---------------------------++-------
   Fire: Shortbow          ||    78
    Use: Scroll            ||     4
 Armour: Leather armour    ||    16
  Dodge: Dodged            ||    24

Table legend:
 A = Non-vault XP
 B = Vault XP
 C = Vault XP percentage of total XP
 D = Non-vault monster count
 E = Vault monster count
 F = Vault count percentage of total count
                 A         B        C        D         E       F
            +---------+---------+-------+---------+---------+-------
      Total |      43 |       5 |  10.4 |      26 |       3 |  10.3
            +---------+---------+-------+---------+---------+-------
        D:1 |      24 |       0 |   0.0 |      15 |       0 |   0.0
        D:2 |      19 |       5 |  20.8 |      11 |       3 |  21.4
            +---------+---------+-------+---------+---------+-------
